 Dungeon Crawl Stone Soup version 0.30-a0-341-g682706514a (webtiles) character file.

Game seed: 14418762572761443047

109 KKCryptic the Grave Robber (level 4, -1/30 HPs)
             Began as a Demonspawn Necromancer on Nov 3, 2022.
             Slain by an orc wizard
             ... wielding a +1 dagger of electrocution
              (14 damage)
             ... on level 2 of the Dungeon.
             The game lasted 00:18:20 (2145 turns).

KKCryptic the Grave Robber (Demonspawn Necromancer) Turns: 2145, Time: 00:18:21

Health: -1/30      AC:  3    Str:  8    XL:     4   Next: 59%
Magic:  3/7        EV: 11    Int: 19    God:
Gold:   129        SH:  3    Dex: 13    Spells: 6/7 levels left

rFire   . . .      SeeInvis .    k - +2 dagger (venom)
rCold   . . .      Faith    .    l - +0 buckler
rNeg    . . .      Spirit   .    g - +0 leather armour
rPois   .          Reflect  .    (helmet restricted)
rElec   .          Harm     .    (no cloak)
rCorr   .          Rampage  .    (no gloves)
Will    +....                    (no boots)
Stlth   ++........               (no amulet)
HPRegen 0.25/turn                n - ring of willpower
MPRegen 0.10/turn                (no ring)

@: no status effects
A: antennae 1, hooves 1
a: no special abilities


You were on level 2 of the Dungeon.
You visited 1 branch of the dungeon, and saw 3 of its levels.

You collected 129 gold pieces.

Inventory:

Hand Weapons
 k - a +2 dagger of venom (weapon)
 m - a +0 dagger
Missiles
 c - 13 stones
 j - 8 poisoned darts (quivered)
Armour
 a - a +0 robe
 g - a +0 leather armour (worn)
 l - a +0 buckler (worn)
Jewellery
 n - a ring of willpower (left hand)
Scrolls
 d - 2 scrolls of poison {unknown}
 e - 3 scrolls of identify {unknown}
 i - a scroll of magic mapping {unknown}
 p - a scroll of immolation {unknown}
 r - a scroll of fear {unknown}
 s - a scroll of enchant armour {unknown}
Potions
 b - a potion of magic
 f - 2 potions of curing {unknown}
 h - a potion of brilliance {unknown}
 o - a potion of haste {unknown}
 q - a potion of degeneration {unknown}


   Skills:
 + Level 1.4 Short Blades
 - Level 2.2 Dodging
 - Level 1.7 Stealth
 - Level 2.0 Spellcasting
 * Level 6.0 Necromancy


You had 6 spell levels left.
You knew the following spells:

 Your Spells              Type           Power      Damage    Failure   Level
a - Necrotise             Necr           96%        1d8       2%          1

Your spell library contained the following spells:

 Spells                   Type           Power      Damage    Failure   Level
 Vampiric Draining        Necr           24%        2d7       9%          3
 Animate Dead             Necr           24%        N/A       28%         4
 Apportation              Tloc           2%         N/A       32%         1
 Summon Small Mammal      Summ           4%         N/A       32%         1
 Agony                    Necr           24%        N/A       61%         5


Dungeon Overview and Level Annotations

Branches:
Dungeon (3/15)

Altars:

Shops:
D:2 [


Innate Abilities, Weirdness & Mutations

You have a pair of small antennae on your head.
You have large cloven feet.


Message History

The dead are walking!
A hobgoblin comes into view.
Casting: Necrotise (safe; 2% risk of failure)
Confirm with . or Enter, or press ? or * to list all spells.
Aiming: Necrotise (safe; 2% risk of failure)
Press: ? - help, Shift-Dir - straight line, f - orc wizard
Aim: an orc wizard, wielding a +1 dagger of electrocution and wearing a +0 robe (chance to affect: 83%)
The orc wizard writhes in agony!
An orc priest comes into view. It is wielding a +0 hand axe.
You completely miss the orc wizard.
The orc priest shouts!
You kick the orc wizard.
The orc wizard is severely wounded.
You block the hobgoblin's attack.
The orc wizard hits you but does no damage.
You are electrocuted!
You hit the orc wizard but do no damage.
You kick the orc wizard.
The orc wizard is severely wounded.
Your orc skeleton hits the dart slug.
The dart slug bites your orc skeleton. You block the hobgoblin's attack.
The orc wizard hits you with a +1 dagger of electrocution.
Your orc skeleton hits the dart slug.
A poisoned dart appears from out of your range of vision.
The poisoned dart hits your orc skeleton!
The orc priest calls upon Beogh to heal the orc wizard.
The orc wizard is healed somewhat.
The hobgoblin misses you.
The orc wizard hits you with a +1 dagger of electrocution.
The rat barely misses you.
You climb upwards.
There is a stone staircase leading down here.
Casting: Necrotise (safe; 2% risk of failure)
Confirm with . or Enter, or press ? or * to list all spells.
Aiming: Necrotise (safe; 2% risk of failure)
Press: ? - help, Shift-Dir - straight line, f - orc wizard
Aim: an orc wizard, wielding a +1 dagger of electrocution and wearing a +0 robe (moderately wounded, chance to affect: 83%)
The orc wizard writhes in agony.
The hobgoblin barely misses you.
The orc wizard hits you with a +1 dagger of electrocution.
You are electrocuted!
You die...

.......#######.......#
...#............####.##
...#.#########รท.......#
.....# #........####.##
#..#####.####...# #.#
#..#.....#..#...####.#
#......#.#...........#
#...........##r####.##
......##.#..#..o@g..#
#.....#.....#########
#.....#....#######
#.....#.#........#
#.....#.#..####..#
......#.#........#
......#.#..#######
..###.#.......##
#..............#


You could see an orc wizard, a hobgoblin and a rat.

Vanquished Creatures
  An iguana (D:2)
  4 adders (D:2)
  A dart slug (D:1)
  An orc (D:3)
  4 endoplasms
  2 giant cockroaches (D:1)
  5 goblins
  2 hobgoblins (D:1)
  3 jackals (D:1)
  3 quokkas
  A ball python (D:1)
  A bat (D:1)
  6 frilled lizards
  A kobold (D:1)
  5 rats (D:1)
40 creatures vanquished.

Vanquished Creatures (collateral kills)
  A ball python (D:1)
  An endoplasm (D:1)
  A hobgoblin (D:1)
  A jackal (D:1)
  A rat (D:2)
5 creatures vanquished.

Grand Total: 45 creatures vanquished

Notes
Turn   | Place    | Note
-------+----------+-------------------------------------------
     0 | D:1      | KKCryptic the Demonspawn Necromancer began the quest for
                  | the Orb.
     0 | D:1      | Reached XP level 1. HP: 13/13 MP: 3/3
   312 | D:1      | Discovered your monstrous ancestry.
   312 | D:1      | Gained mutation: You have a pair of small antennae on your
                  | head. [demonic ancestry]
   312 | D:1      | Reached XP level 2. HP: 18/19 MP: 0/5
   526 | D:1      | Reached skill level 5 in Necromancy
   845 | D:1      | Gained mutation: You have large cloven feet. [demonic
                  | ancestry]
   845 | D:1      | Reached XP level 3. HP: 24/24 MP: 4/6
  1627 | D:2      | Reached skill level 1 in Short Blades
  1627 | D:2      | Reached XP level 4. HP: 30/30 MP: 3/7
  2068 | D:2      | Found Pefax's Armour Shop.
  2074 | D:2      | Reached skill level 6 in Necromancy
  2145 | D:2      | Slain by an orc wizard

Illustrated notes

Levels and vault maps discovered:
D:1:      dpeg_chamrin_arrival_tetris, layout_loops_corners, serial_glass,
          glass_columns_c, glass_columns_a, chequers_mini_garden
D:2:      layout_basic, serial_shops, shop, kennysheep_crisscross
D:3:      layout_rooms, mainiacjoe_overflow_small_starburst

Skill      XL: |  1  2  3  4 |
---------------+-------------+-----
Dodging        | 2 |  2.2
Necromancy     | 5 6 |  6.0
Short Blades   | 1 |  1.4
Stealth        | |  1.7
Spellcasting   | |  2.0

Action                   |  1- 3 |  4- 6 || total
-------------------------+-------+-------++-------
Melee: Unarmed           |     7 |       ||     7
       Dagger            |     6 |     6 ||    12
       Kick              |     1 |     3 ||     4
Throw: Stone             |     3 |       ||     3
 Cast: Necrotise         |    62 |    15 ||    77
  Use: Potion            |     1 |       ||     1
 Stab: Distracted        |     1 |       ||     1
Armor: Robe              |    13 |       ||    13
       Leather armour    |       |     1 ||     1
Dodge: Dodged            |    69 |     8 ||    77
Block: Buckler           |       |     2 ||     2

Table legend: (Time is in decaauts)
 A = Elapsed time spent in this place.
 B = Non-inter-level travel time spent in this place.
 C = Inter-level travel time spent in this place.
 D = Time resting spent in this place.
 E = Time spent auto-exploring this place.
 F = Levels seen in this place.
 G = Mean time per level.
                   A        B        C        D        E       F      G
               +--------+--------+--------+--------+--------+-----+--------+
         Total |   2144 |   2103 |     41 |    194 |   1110 |   3 |  714.7 |
       Dungeon |   2144 |   2103 |     41 |    194 |   1110 |   3 |  714.7 |
               +--------+--------+--------+--------+--------+-----+--------+

Top non-repeatable levels by time:
     D:1: 1348 daAuts
     D:2: 789 daAuts
     D:3: 6 daAuts
